 Dungeon Crawl Stone Soup version 0.32-a0-699-g1ee5eff69a (webtiles) character file.

Game seed: 11697224974430437430

980 BeKind the Caller (level 8, -10/50 HPs)
             Began as an Octopode Ice Elementalist on Mar 13, 2024.
             Was a Follower of Qazlal.
             Mangled by a two-headed ogre
             ... wielding a +0 giant club
              (19 damage)
             ... on level 5 of the Dungeon.
             The game lasted 00:06:32 (4728 turns).

BeKind the Caller (Octopode Ice Elementalist)       Turns: 4728, Time: 00:06:32

Health: -10/50     AC:  1    Str:  7    XL:     8   Next: 17%
Magic:  3/14       EV: 13    Int: 20    God:    Qazlal [*.....]
Gold:   155        SH:  1    Dex: 12    Spells: 8/15 levels left

rFire   x . .        d - +0 dagger
rCold   + . .        (no shield)
rNeg    . . .        (helmet restricted)
rPois   .            (no amulet)
rElec   .            q - ring of ice
rCorr   .            (no ring)
SInv    .            (no ring)
Will    .....        (no ring)
Stlth   +++          (no ring)
HPRegen 0.28/turn    (no ring)
MPRegen 0.14/turn    (no ring)
                     (no ring)

%: no passive effects
@: freezing walls, very slightly contaminated
A: almost no armour, amphibious, 8 rings, camouflage 1, gelatinous body 1,
(nimble swimmer 1), tentacles
a: Renounce Religion


You were on level 5 of the Dungeon.
You worshipped Qazlal.
Qazlal was aware of your devotion.
You visited 1 branch of the dungeon, and saw 5 of its levels.

You collected 155 gold pieces.

Inventory:

Hand Weapons
 d - a +0 dagger (weapon)
Missiles
 p - a throwing net
Jewellery
 q - a ring of ice (left tentacle)
 s - a ring of fire
Scrolls
 b - 3 scrolls of vulnerability {unknown}
 c - 2 scrolls of poison {unknown}
 e - a scroll of enchant armour {unknown}
 f - 2 scrolls of teleportation {unknown}
 g - 3 scrolls of identify {unknown}
 j - a scroll of noise {unknown}
 n - a scroll of immolation {unknown}
Potions
 a - a potion of magic
 h - a potion of haste {unknown}
 i - a potion of curing {unknown}
 k - a potion of heal wounds {unknown}
 l - a potion of attraction {unknown}
 m - 2 potions of brilliance {unknown}
 o - a potion of lignification {unknown}
 r - 2 potions of resistance {unknown}


   Skills:
 + Level 1.9 Fighting
 + Level 4.8 Dodging
 - Level 2.9 Stealth
 + Level 4.4 Spellcasting
 * Level 5.2 Summonings
 - Level 5.0 Ice Magic


You had 8 spell levels left.
You knew the following spells:

 Your Spells              Type           Power      Damage    Failure   Level
a - Freeze                Ice            100%       1d10      1%          1
b - Summon Ice Beast      Ice/Summ       37%        N/A       4%          3
c - Frozen Ramparts       Ice            72%        1d11      4%          3

Your spell library contained the following spells:

 Spells                   Type           Power      Damage    Failure   Level
 Ozocubu's Armour         Ice            36%        N/A       4%          3
 Sting                    Conj/Alch      16%        1d4       12%         1
 Mercury Vapours          Alch/Air       8%         N/A       19%         2
 Scorch                   Fire           8%         2d5       19%         2
 Inner Flame              Hex/Fire       4%         N/A       36%         3
 Flame Wave               Conj/Fire      4%         2d5       77%         4
 Leda's Liquefaction      Alch/Erth      2%         N/A       77%         4
 Olgreb's Toxic Radiance  Alch           4%         N/A       77%         4
 Petrify                  Alch/Erth      4%         N/A       77%         4
 Metabolic Englaciation   Hex/Ice        10%        N/A       77%         5
 Summon Cactus Giant      Summ           12%        N/A       91%         6
 Irradiate                Conj/Alch      2%         3d12      98%         5
 Ignition                 Fire           2%         3d3       100%        8


Dungeon Overview and Level Annotations

Branches:
Dungeon (5/15)             Temple (0/1) D:4

Altars:
Dithmenos
Gozag
Qazlal
Yredelemnul

Annotations:
D:5 3 runed translucent doors, BubbleThief's ghost, novice KoBr


Innate Abilities, Weirdness & Mutations

You cannot wear most types of armour.
You are amphibious.
You can wear up to eight rings at the same time.
Your skin changes colour to match your surroundings (Stealth+).
Your rubbery body absorbs attacks. (AC +1, EV +1)
((You are camouflaged when in or above water. (Stealth+)))
You have tentacles for arms and can constrict up to eight enemies at once.


Message History

Your ice beast barely misses the two-headed ogre.
Casting: Summon Ice Beast (dangerous; 4% risk of failure)
Confirm with . or Enter, or press ? or * to list all spells.
You feel a surge of power!
You miscast Summon Ice Beast.
You are very lightly contaminated with residual magic.
Nothing appears to happen.
The two-headed ogre hits you with a +0 giant club!!
Ouch! That really hurt!
The two-headed ogre closely misses you.
Your ice beast hits the two-headed ogre.
Your ice beast freezes the two-headed ogre!
Casting: Summon Ice Beast (dangerous; 4% risk of failure)
Confirm with . or Enter, or press ? or * to list all spells.
Casting: Frozen Ramparts (dangerous; 4% risk of failure)
Press: ? - help, Dir - look around, f - activate You feel a surge of power!
The walls around you are covered in ice.
Your ice beast barely misses the two-headed ogre.
Casting: Frozen Ramparts (dangerous; 4% risk of failure)
Confirm with . or Enter, or press ? or * to list all spells.
Aiming: Freeze (safe; 1% risk of failure)
Press: ? - help, Shift-Dir - straight line, f - two-headed ogre
Aim: a two-headed ogre, wielding two +0 giant clubs (lightly wounded, ally target)
You feel a surge of power!
You freeze the two-headed ogre.
The two-headed ogre is moderately wounded.
The wall freezes the two-headed ogre.
The two-headed ogre closely misses you.
The two-headed ogre hits you with a +0 giant club!
* * * LOW HITPOINT WARNING * * *
Your ice beast hits the two-headed ogre.
Your ice beast freezes the two-headed ogre!
Casting: Freeze (safe; 1% risk of failure)
Confirm with . or Enter, or press ? or * to list all spells.
Aiming: Freeze (safe; 1% risk of failure)
Press: ? - help, Shift-Dir - straight line, f/p - two-headed ogre
Aim: a two-headed ogre, wielding two +0 giant clubs (severely wounded, ally target)
You feel a surge of power!
You freeze the two-headed ogre!
The two-headed ogre is almost dead.
The wall freezes the two-headed ogre.
The two-headed ogre barely misses you.
The two-headed ogre hits you with a +0 giant club!!
You die...

## .. #)#######
### #...Y.○.##
#.. #O@...# #..
#.##..# #..
...##..# ##..
..#####..# #...
#.#.#####..######
#... .
..............#
#...
#############.#
#... #.# #... #.#
#...


You could see a two-headed ogre (ally target) and a friendly ice beast
(summoned).

Vanquished Creatures
  Sigmund (D:4)
  A black bear (D:5)
  A weeping skull (D:4)
  4 scorpions
  A bombardier beetle (D:5)
  Terence (D:3)
  An iguana (D:4)
  Natasha (twice) (D:4)
  5 adders (D:2)
  3 dart slugs
  4 ribbon worms
  2 orcs
  3 bats
  4 endoplasms
  9 goblins
  3 hobgoblins
  6 kobolds
  6 quokkas
  5 ball pythons
  A frilled lizard (D:2)
  7 rats
70 creatures vanquished.

Vanquished Creatures (collateral kills)
  A scorpion (D:4)
  An orc priest (D:4)
  Natasha (D:4)
  4 gnolls (D:5)
  An adder (D:5)
  2 orcs (D:4)
  A goblin (D:4)
  A spectral orc (D:4)
12 creatures vanquished.

Grand Total: 82 creatures vanquished

Notes
Turn   | Place    | Note
-------+----------+-------------------------------------------
     0 | D:1      | BeKind the Octopode Ice Elementalist began the quest for
                  | the Orb.
     0 | D:1      | Reached XP level 1. HP: 11/11 MP: 3/3
   241 | D:1      | Reached XP level 2. HP: 14/17 MP: 0/5
  1265 | D:1      | Reached XP level 3. HP: 21/21 MP: 0/6
  1435 | D:2      | Reached XP level 4. HP: 12/27 MP: 1/8
  1501 | D:2      | Learned a level 3 spell: Summon Ice Beast
  1560 | D:2      | Learned a level 3 spell: Frozen Ramparts
  1863 | D:2      | Found a stormy altar of Qazlal.
  1877 | D:2      | Became a worshipper of Qazlal Stormbringer
  2073 | D:3      | Noticed Terence
  2079 | D:3      | Killed Terence
  2080 | D:3      | Reached skill level 1 in Summonings
  2080 | D:3      | Reached XP level 5. HP: 31/31 MP: 3/9
  2591 | D:4      | Found an opulent altar of Gozag.
  2606 | D:4      | Noticed Natasha
  2610 | D:4      | Reached skill level 5 in Ice Magic
  2610 | D:4      | Reached XP level 6. HP: 28/36 MP: 7/11
  2616 | D:4      | Killed Natasha
  3091 | D:4      | Found a basalt altar of Yredelemnul.
  3110 | D:4      | Reached XP level 7. HP: 40/41 MP: 7/12
  3199 | D:4      | Noticed Natasha
  3206 | D:4      | Killed Natasha
  3387 | D:4      | Found a staircase to the Ecumenical Temple.
  3397 | D:4      | Noticed Sigmund
  3436 | D:5      | Entered Level 5 of the Dungeon
  3438 | D:5      | Found a shadowy altar of Dithmenos.
  3783 | D:5      | Reached skill level 1 in Fighting
  3874 | D:5      | Found a runed translucent gate.
  3874 | D:5      | Found a runed translucent gate.
  3874 | D:5      | Found a runed translucent gate.
  3880 | D:5      | Noticed BubbleThief's ghost (novice KoBr)
  3974 | D:4      | Killed Sigmund
  3975 | D:4      | Reached XP level 8. HP: 45/48 MP: 3/14
  4062 | D:4      | Reached * piety under Qazlal
  4116 | D:4      | Reached skill level 5 in Summonings
  4152 | D:4      | Noticed Natasha
  4158 | D:4      | Killed Natasha
  4722 | D:5      | Noticed a two-headed ogre
  4728 | D:5      | Mangled by a two-headed ogre

Illustrated notes

Levels and vault maps discovered:
D:1:      minmay_arrival_nine_rooms, layout_loops_corners,
          serial_co_window_serial, co_window_paths_a, co_window_paths_a,
          co_window_of_opportunity_a, co_window_cross_1,
          co_window_of_opportunity_a, co_window_corner_a, co_window_paths_c,
          co_window_unsneaky_path_d, co_window_corner_b,
          co_window_unsneaky_path_b, co_window_4corner_b, glass_columns_a,
          glass_columns_a, glass_columns_a, glass_columns_b, glass_columns_b,
          minmay_tiny_reverse_x
D:2:      layout_rooms, basic_altar, chequers_big_river,
          nicolae_kite_square_tiling_tiny
D:3:      layout_rooms, mainiacjoe_overflow_concentric_impassable, serial_bayou,
          serial_bayou_shore_a, serial_bayou_pond_e, serial_bayou_ford_a,
          serial_bayou_lagoon_a, uniq_terence
D:4:      layout_cave_pods, yredelemnul_forgotten_temple_becter,
          mainiacjoe_overflow_cross_hatched, minmay_temple_entry_wispy,
          uniq_natasha, uniq_sigmund
D:5:      layout_loops_corners, nicolae_dithmenos_through_a_glass_darkly,
          ebering_ghost_rock_garden, nicolae_the_louvre

Skill      XL: |  1  2  3  4  5  6  7  8 |
---------------+-------------------------+-----
Dodging        | 3 4 |  4.8
Summonings     | 1 2 3 4 5 |  5.2
Spellcasting   | 3 4 |  4.4
Ice Magic      | 5 |  5.0
Fighting       | 1 |  1.9
Stealth        | |  2.9

Action                     |  1- 3 |  4- 6 |  7- 9 || total
---------------------------+-------+-------+-------++-------
  Melee: Unarmed           |     7 |       |       ||     7
         Constrict         |    14 |     9 |     5 ||    28
         Tentacles         |     6 |     6 |     4 ||    16
         Dagger            |    24 |    29 |    17 ||    70
   Cast: Freeze            |    33 |    35 |    22 ||    90
         Summon Ice Beast  |       |     5 |     9 ||    14
         Frozen Ramparts   |       |       |     3 ||     3
   Stab: Sleeping          |     2 |     2 |     1 ||     5
 Armour: Skin              |    19 |    26 |    33 ||    78
  Dodge: Dodged            |    43 |    39 |    38 ||   120

Table legend: (Time is in decaauts)
 A = Elapsed time spent in this place.
 B = Non-inter-level travel time spent in this place.
 C = Inter-level travel time spent in this place.
 D = Time resting spent in this place.
 E = Time spent auto-exploring this place.
 F = Levels seen in this place.
 G = Mean time per level.
                   A        B        C        D        E       F      G
               +--------+--------+--------+--------+--------+-----+--------+
         Total |   4728 |   4550 |    178 |    329 |   3562 |   5 |  945.6 |
       Dungeon |   4728 |   4550 |    178 |    329 |   3562 |   5 |  945.6 |
               +--------+--------+--------+--------+--------+-----+--------+

Top non-repeatable levels by time:
     D:4: 1699 daAuts
     D:1: 1297 daAuts
     D:5: 838 daAuts
     D:2: 776 daAuts
     D:3: 116 daAuts
